 Dungeon Crawl Stone Soup version 0.30.0-29-ga12c61a403 (webtiles) character file.

Game seed: 2604101671000040706

1456 7w4c the Spear-Bearer (level 8, 0/60 HPs)
             Began as a Merfolk Artificer on June 21, 2023.
             Was a Believer of Yredelemnul.
             Succumbed to a water moccasin's poison
             ... on level 7 of the Dungeon on June 22, 2023.
             The game lasted 00:34:41 (6217 turns).

7w4c the Spear-Bearer (Merfolk Artificer)           Turns: 6217, Time: 00:34:41

Health: 0/60       AC: 15    Str: 15    XL:     8   Next: 76%
Magic:  8/8        EV:  5    Int: 10    God:    Yredelemnul [**....]
Gold:   427        SH:  0    Dex: 14    Spells: 6/7 levels left

rFire   . . .        n - +0 glaive
rCold   . . .        (shield currently unavailable)
rNeg    . . .        m - +0 plate armour
rPois   .            (no helmet)
rElec   .            (no cloak)
rCorr   .            (no gloves)
SInv    .            (no boots)
Will    .....        (no amulet) Stlth
                     f - +4 ring of protection
HPRegen 0.30/turn    B - ring of flight
MPRegen 0.11/turn

%: no passive effects
@: lethally poisoned (0 -> -3), flying
A: (nimble swimmer 2), mertail
a: Renounce Religion, Recall Undead Harvest, Dark Bargain


You were on level 7 of the Dungeon.
You worshipped Yredelemnul.
Yredelemnul was noncommittal.
You visited 1 branch of the dungeon, and saw 7 of its levels.

You collected 427 gold pieces.

Inventory:

Hand Weapons
 j - a +0 trident
 n - a +0 glaive (weapon)
Missiles
 o - 46 stones
 t - 9 poisoned darts
Armour
 m - a +0 plate armour (worn)
 s - a +0 robe
Magical Staves
 w - a staff of death
 I - a staff of fire
Jewellery
 f - a +4 ring of protection (left hand)
 i - a ring of ice
 B - a ring of flight (right hand)
 H - a ring of see invisible
Wands
 c - a wand of flame (7) (quivered)
 d - a wand of charming (12)
 e - a wand of iceblast (2)
 g - a wand of digging (9)
 k - a wand of paralysis (8)
Scrolls
 h - 3 scrolls of teleportation
 l - 2 scrolls of amnesia
 x - 2 scrolls of fear
 y - a scroll of silence {unknown}
 E - 2 scrolls of poison {unknown}
 F - a scroll of identify
 G - a scroll of fog {unknown}
Potions
 a - 4 potions of lignification
 b - a potion of attraction {unknown}
 p - a potion of haste
 q - a potion of berserk rage
 r - 2 potions of ambrosia
 v - a potion of flight {unknown}
 z - a potion of magic {unknown}
 A - 2 potions of resistance {unknown}
 C - a potion of brilliance {unknown}
 D - a potion of cancellation {unknown}


   Skills:
 + Level 4.3 Fighting
 + Level 0.5 Maces & Flails
 + Level 9.4 Polearms
 + Level 3.9 Armour
 + Level 4.1 Dodging
 + Level 2.3 Stealth
 + Level 3.6 Evocations


You had 6 spell levels left.
You knew the following spells:

 Your Spells              Type           Power      Damage    Failure   Level
a - Beastly Appendage     Tmut           0%         N/A       100%        1

Your spell library contained the following spells:

 Spells                   Type           Power      Damage    Failure   Level
 Freeze                   Ice            0%         1d3       100%        1
 Magic Dart               Conj           0%         1d3       100%        1
 Shock                    Conj/Air       0%         1d3       100%        1
 Sting                    Tmut/Pois      0%         1d3       100%        1
 Call Imp                 Summ           0%         N/A       100%        2
 Ensorcelled Hibernation  Hex/Ice        0%         N/A       100%        2
 Poisonous Vapours        Pois/Air       0%         N/A       100%        2
 Wereblood                Tmut           0%         N/A       100%        2
 Dazzling Flash           Conj/Hex       0%         N/A       100%        3
 Frozen Ramparts          Ice            0%         1d1       100%        3
 Gell's Gravitas          Tloc           0%         N/A       100%        3
 Hailstorm                Conj/Ice       0%         3d3       100%        3
 Mephitic Cloud           Conj/Pois/Air  0%         N/A       100%        3
 Spider Form              Tmut/Pois      0%         N/A       100%        3
 Teleport Other           Tloc           0%         N/A       100%        3
 Volatile Blastmotes      Fire/Tloc      0%         2d10      100%        3
 Anguish                  Hex/Necr       0%         N/A       100%        4
 Iskenderun's Mystic Bla  Conj/Tloc      0%         2d3       100%        4
 Olgreb's Toxic Radiance  Pois           0%         N/A       100%        4
 Dispersal                Tloc           0%         N/A       100%        6
 Starburst                Conj/Fire      0%         6d3       100%        6
 Spellforged Servitor     Conj/Summ      0%         N/A       100%        7
 Polar Vortex             Ice            0%         N/A       100%        9


Dungeon Overview and Level Annotations

Branches:
Dungeon (7/15)             Temple (0/1) D:7

Altars:
Cheibriados
Gozag
Okawaru
Trog
Yredelemnul

Shops:
D:1 =


Innate Abilities, Weirdness & Mutations

((You are very nimble when in or above water. (Stealth+, EV+, Speed+++)))
Your lower body shifts to a powerful aquatic tail in water.


Message History

You feel very sick.
Your spectral shadow imp hits the centaur but does no damage.
The centaur hits your spectral shadow imp.
The centaur barely misses your spectral shadow imp.
Aiming: Iceblast
Press: ? - help, Shift-Dir - straight line The mass of ice explodes!
The iceblast engulfs the scorpion!
The scorpion is heavily wounded.
The iceblast engulfs something!
Reactivating autopickup.
You feel a bit more experienced.
The iceblast engulfs the orc priest!
The orc priest is severely wounded.
The iceblast engulfs the water moccasin!!
You kill the water moccasin!
The dead are slithering!
* * * LOW HITPOINT WARNING * * *
You feel very sick.
The centaur barely misses your spectral shadow imp.
The centaur kicks your spectral shadow imp but does no damage.
Your spectral shadow imp hits the centaur.
The centaur dies!
Your Fighting skill increases to level 4!
Your Polearms skill increases to level 9!
Aiming: Iceblast
Press: ? - help, Shift-Dir - straight line, f - orc priest
Aim: an orc priest, wielding a staff of air (severely wounded, ally target)
The mass of ice explodes!
The iceblast engulfs the scorpion!
You kill the scorpion!
The iceblast engulfs the orc priest!!
You kill the orc priest!
The dead are crawling!
* * * LOW HITPOINT WARNING * * *
You feel sick.
* * * LOW HITPOINT WARNING * * *
You feel sick.
Your water moccasin zombie bites the ogre.
The ogre hits your water moccasin zombie with a +0 giant spiked club!
You can now trade souls for undead servants.
You die...
Your body rises from the dead as a mindless zombie.

#.....## .#......## .........##
...#.....# ......#.. #.......
........# ###..... .....o..
#.##....## # .......###.^....@.##
.## .......o...#.......# ###..#
..........###......# ##....#
.........O###.......# ##.<....
...........oO.Z..#..# #.......
..........ZZZ.##.##.. ##.......
............⌠...## #.. ##........
...........)......###.##.........
..........⌠.>.⌠....# ##.###......


You could see an ogre (ally target), an orc, a friendly spectral shadow imp, a
friendly water moccasin zombie, a friendly scorpion zombie and a friendly orc
wizard zombie.

Vanquished Creatures
  A water moccasin (D:7)
  A centaur (D:5)
  A necrophage (D:7)
  7 scorpions
  2 howler monkeys
  3 orc priests
  A jelly (D:6)
  A sleepcap (D:3)
  6 orc wizards
  An iguana (D:5)
  3 gnolls (D:6)
  6 adders
  A shadow imp (D:7)
  A white imp (D:7)
  5 worms
  2 dart slugs
  15 orcs
  6 endoplasms
  8 giant cockroaches
  7 goblins
  4 hobgoblins
  3 jackals (D:1)
  5 quokkas
  6 ball pythons
  7 bats
  6 frilled lizards
  9 kobolds
  8 rats
126 creatures vanquished.

Vanquished Creatures (collateral kills)
  A centaur (D:7)
  A phantom (D:5)
  A hound (D:6)
  A hound skeleton (D:7)
  An orc (D:6)
  A hobgoblin (D:4)
6 creatures vanquished.

Vanquished Creatures (others)
  An orc wizard (D:3)
  2 howler monkey zombies
  A spectral white imp (D:7)
  An orc (D:3)
  A gnoll zombie (D:6)
  A giant cockroach zombie (D:4)
  2 kobold zombies (D:4)
  6 orc zombies
  A quokka zombie (D:4)
16 creatures vanquished.

Grand Total: 148 creatures vanquished

Notes
Turn   | Place    | Note
-------+----------+-------------------------------------------
     0 | D:1      | 7w4c the Merfolk Artificer began the quest for the Orb.
     0 | D:1      | Reached XP level 1. HP: 15/15 MP: 1/1
   192 | D:1      | Reached XP level 2. HP: 15/21 MP: 2/2
   267 | D:1      | Reached skill level 1 in Armour
   320 | D:1      | Reached skill level 1 in Polearms
   375 | D:1      | Reached XP level 3. HP: 26/26 MP: 3/3
   662 | D:1      | Found Geofull's One-of-a-Kind Rings.
   981 | D:2      | Reached skill level 2 in Polearms
  1121 | D:2      | Reached XP level 4. HP: 32/32 MP: 4/4
  2064 | D:3      | Found a basalt altar of Yredelemnul.
  2081 | D:3      | Found a snail-covered altar of Cheibriados.
  2100 | D:3      | Reached skill level 3 in Polearms
  2208 | D:3      | Reached XP level 5. HP: 12/38 MP: 5/5
  2223 | D:3      | Reached skill level 4 in Polearms
  2519 | D:3      | Found a bloodstained altar of Trog.
  2769 | D:3      | Became a worshipper of Yredelemnul the Dark
  2959 | D:4      | Reached * piety under Yredelemnul
  2960 | D:4      | Reached XP level 6. HP: 24/44 MP: 6/6
  3111 | D:4      | Found an opulent altar of Gozag.
  3190 | D:4      | Reached skill level 5 in Polearms
  3265 | D:4      | Learned a level 1 spell: Beastly Appendage
  3724 | D:4      | Reached ** piety under Yredelemnul
  4037 | D:4      | Reached skill level 6 in Polearms
  4037 | D:4      | Reached XP level 7. HP: 52/52 MP: 7/7
  4149 | D:5      | Entered Level 5 of the Dungeon
  4536 | D:5      | Reached skill level 7 in Polearms
  5053 | D:5      | Reached skill level 8 in Polearms
  5274 | D:6      | Found an iron altar of Okawaru.
  5319 | D:6      | Reached XP level 8. HP: 48/58 MP: 8/8
  5818 | D:6      | Got the Handbook of Algor and Momentum
  5976 | D:7      | Identified the +1 pair of gloves of the Feeding Gods {rC-
                  | rN++}
  6000 | D:7      | Found a staircase to the Ecumenical Temple.
  6126 | D:7      | Identified the +10 hand axe "Hellblazer" {drain, *Corrode
                  | rElec rN+ Will+ Dex+3}
  6214 | D:7      | HP: 3/60 [poisoned by a water moccasin]
  6215 | D:7      | Reached skill level 9 in Polearms
  6216 | D:7      | HP: 1/60 [poisoned by a water moccasin]
  6217 | D:7      | Succumbed to a water moccasin's poison

Illustrated notes

Levels and vault maps discovered:
D:1:      wander_arrival_fairy_ring, layout_basic, grunt_decor_mini_mirrors,
          minmay_misc_feat_cross, hangedman_decor_slide_cut, fountainhead,
          nicolae_shop_unique_rings
D:2:      layout_loops_ring
D:3:      layout_basic, cheibrodos_worm_habitat, old_standard_altar,
          yredelemnul_altar_generic
D:4:      layout_basic, mainiacjoe_overflow_alcove_2, serial_rivers,
          chequers_serial_rivers_small_b, chequers_serial_rivers_micro_c,
          chequers_serial_rivers_micro_b, chequers_serial_rivers_small_3,
          chequers_serial_rivers_micro_e, chequers_serial_rivers_micro_d,
          minmay_hedge_maze, st_stairs_14
D:5:      layout_basic, kennysheep_generic_room_10
D:6:      layout_basic, okawaru_trees_2
D:7:      layout_cave_pools, makhleb_blood_cavern_becter, temple_fountains,
          chequers_serial_rivers_room_b, lemuel_flame_loot_1

Skill      XL: |  1  2  3  4  5  6  7  8 |
---------------+-------------------------+-----
Armour         | 1 2 3 |  3.9
Polearms       | 1 2 3 4 6 8 9 |  9.4
Dodging        | 3 4 |  4.1
Fighting       | 2 3 4 |  4.3
Stealth        | 2 |  2.3
Maces & Flails | |  0.5
Evocations     | |  3.6

Action                     |  1- 3 |  4- 6 |  7- 9 || total
---------------------------+-------+-------+-------++-------
  Melee: Whip              |    18 |       |       ||    18
         Club              |     6 |       |       ||     6
         Trident           |   129 |    96 |       ||   225
         Glaive            |       |   136 |   110 ||   246
         Tailslap          |       |     1 |       ||     1
  Throw: Stone             |     9 |     8 |       ||    17
  Evoke: Wand              |     3 |     3 |     9 ||    15
    Use: Scroll            |     2 |    10 |     3 ||    15
         Potion            |       |     2 |     2 ||     4
   Stab: Sleeping          |     3 |     2 |       ||     5
         Distracted        |       |     1 |       ||     1
 Armour: Leather armour    |    62 |    32 |       ||    94
         Plate armour      |       |   138 |   140 ||   278
  Dodge: Dodged            |   110 |    97 |    49 ||   256
